 Dungeon Crawl Stone Soup version 0.31-a0-1603-gbec6b6ccbf (webtiles) character file.

Game seed: 2705530397168725251

74521 Aldia the Mimic (level 15, -7/37 (80) HPs)
             Began as a Felid Summoner on Jan 7, 2024.
             Was an Initiate of Jiyva.
             Mangled by a four-headed hydra (11 damage)
             ... on level 13 of the Dungeon.
             The game lasted 01:49:49 (29226 turns).

Aldia the Mimic (Felid Summoner)                   Turns: 29226, Time: 01:49:50

HP:   -7/37 (80)    AC:  3    Str:  4    XL:     15   Next: 7%
MP:   26/30         EV: 24    Int: 32    God:    Jiyva [......]
Gold: 1464          SH:  0    Dex: 17    Spells: 0/34 levels left
                                        Lives: 0   Deaths: 5

rFire   . . .        (weapon unavailable)
rCold   + . .        (shield unavailable)
rNeg    . . .        (body armour unavailable)
rPois   .            (helmet unavailable)
rElec   .            (cloak unavailable)
rCorr   .            (gloves unavailable)
SInv    +            (boots unavailable)
Will    ++...        O - amulet of magic regeneration
Stlth   ++           G - +6 ring of intelligence
HPRegen 0.26/turn    l - ring of wizardry
MPRegen 0.62/turn

%: wizardry (x1)
@: beast-form, extremely drained
A: beast (slay +4), very small, claws 1, fangs 3, see invisible, shaggy fur 3,
stealthy paws, no weapons or thrown items, no armour, multi-lived
a: Begin Untransformation, Renounce Religion


You were on level 13 of the Dungeon.
You worshipped Jiyva.
Jiyva was noncommittal.
You were a hulking beast.
You visited 5 branches of the dungeon, and saw 23 of its levels.

You collected 2389 gold pieces.
You spent 925 gold pieces at shops.

Inventory:

Jewellery
 l - a ring of wizardry (right paw)
 m - a ring of protection from cold
 r - a ring of resist corrosion
 A - a ring of magical power
 F - a ring of flight
 G - a +6 ring of intelligence (left paw)
 L - a +6 ring of dexterity
 M - a ring of protection from cold
 O - an amulet of magic regeneration (around neck)
Talismans
 D - a beast talisman (active)
 N - a granite talisman
Wands
 h - a wand of digging (10)
 s - a wand of mindburst (12)
 v - a wand of paralysis (21)
 w - a wand of flame (55)
 B - a wand of quicksilver (13)
 I - a wand of iceblast (1)
 K - a wand of polymorph (4)
Scrolls
 a - a scroll of torment
 b - 4 scrolls of fog
 i - 2 scrolls of revelation
 k - 2 scrolls of poison
 p - 4 scrolls of noise
 q - 9 scrolls of teleportation
 t - 2 scrolls of fear
 u - 3 scrolls of blinking
 y - 3 scrolls of vulnerability
 C - a scroll of butterflies
 E - a scroll of identify
 P - a scroll of immolation
Potions
 c - a potion of heal wounds
 d - 3 potions of curing
 e - 3 potions of haste
 f - a potion of berserk rage
 g - 2 potions of lignification
 j - 3 potions of ambrosia
 n - a potion of brilliance
 o - 2 potions of attraction
 x - 2 potions of resistance
 z - a potion of invisibility
 H - 2 potions of enlightenment
 J - 2 potions of magic


   Skills:
 - Level 10.0 Fighting
 + Level 10.1 Dodging
 - Level 2.6 Stealth
 + Level 10.4 Spellcasting
 - Level 5.0 Hexes
 - Level 10.0 Summonings
 - Level 9.0 Necromancy
 - Level 5.0 Translocations
 - Level 5.0 Fire Magic
 - Level 5.0 Air Magic
 - Level 5.0 Earth Magic
 - Level 5.0 Evocations
 * Level 11.3 Shapeshifting


You couldn't memorise any spells.
You knew the following spells:

 Your Spells              Type           Power      Damage    Failure   Level
a - Martyr's Knell        Necr/Summ      67%        N/A       1%          4
b - Borgnjor's Vile Clut  Necr/Erth      28%        N/A       1%          5
c - Call Canine Familiar  Summ           69%        N/A       1%          3
d - Summon Blazeheart Go  Fire/Summ      59%        N/A       1%          4
e - Summon Lightning Spi  Summ/Air       59%        N/A       1%          4
f - Summon Mana Viper     Hex/Summ       59%        N/A       1%          5
g - Summon Forest         Summ/Tloc      29%        N/A       1%          5
h - Anguish               Hex/Necr       28%        N/A       1%          4

Your spell library contained the following spells:

 Spells                   Type           Power      Damage    Failure   Level
 Kiss of Death            Conj/Necr      100%       2d13      1%          1
 Necrotise                Necr           100%       1d9       1%          1
 Shock                    Conj/Air       100%       1d9       1%          1
 Slow                     Hex            100%       N/A       1%          1
 Summon Small Mammal      Summ           100%       N/A       1%          1
 Call Imp                 Summ           100%       N/A       1%          2
 Cigotuvi's Dreadful Rot  Necr/Alch/Air  92%        N/A       1%          2
 Ensorcelled Hibernation  Hex/Ice        64%        N/A       1%          2
 Mercury Vapours          Alch/Air       64%        N/A       1%          2
 Confusing Touch          Hex            48%        N/A       1%          3
 Fugue of the Fallen      Necr           65%        N/A       1%          3
 Mephitic Cloud           Conj/Alch/Air  27%        N/A       1%          3
 Sigil of Binding         Hex            48%        N/A       1%          3
 Summon Ice Beast         Ice/Summ       48%        N/A       1%          3
 Swiftness                Air            48%        N/A       1%          3
 Vampiric Draining        Necr           65%        2d10      1%          3
 Airstrike                Air            24%        2d(4-20)  1%          4
 Cause Fear               Hex            24%        N/A       1%          4
 Dispel Undead            Necr           65%        3d22      1%          4
 Manifold Assault         Tloc           48%        N/A       1%          4
 Curse of Agony           Necr           65%        N/A       1%          5
 Ozocubu's Armour         Ice            16%        N/A       3%          3
 Fireball                 Conj/Fire      16%        3d8       12%         5
 Freezing Cloud           Conj/Ice/Air   13%        6-21      16%         5
 Monstrous Menagerie      Summ           34%        N/A       16%         7
 Summon Hydra             Summ           34%        N/A       16%         7
 Haunt                    Necr/Summ      33%        N/A       21%         7
 Enfeeble                 Hex            24%        N/A       75%         7
 Spellforged Servitor     Conj/Summ      24%        N/A       75%         7
 Eringya's Noxious Bog    Alch           8%         4d6       85%         6
 Borgnjor's Revivificati  Necr           32%        N/A       86%         8
 Infestation              Necr           32%        N/A       86%         8
 Orb of Destruction       Conj           8%         9d6       100%        7
 Death's Door             Necr           32%        N/A       100%        9
 Dragon's Call            Summ           34%        N/A       100%        9


Dungeon Overview and Level Annotations

Branches:
Dungeon (13/15)            Temple (1/1) D:4            Lair (5/5) D:10
  Swamp (0/4) Lair:3        Snake (0/4) Lair:2        Slime (2/5) Lair:4
    Orc (2/2) D:11            Elf (0/3) Orc:2
 Vaults: D:13-14

Altars:
Ashenzari
Cheibriados
Dithmenos
Elyvilon
Fedhas
Gozag
Hepliaklqana
Kikubaaqudgha
Makhleb
Nemelex Xobeh
Okawaru
Qazlal
Ru
Sif Muna
Trog
Uskayaw
Vehumet
Wu Jian
Xom
Yredelemnul
Zin
The Shining One
Jiyva

Shops:
D:5 *   D:9 ?   Orc:2 *([:

Annotations:
D:4 exclusion: downstairs
D:5 1 runed translucent door, Crazy Yiuf
D:12 3 runed translucent doors, Azoth's ghost, journeyman DrSh
Lair:5 exclusion: oklob plant


Innate Abilities, Weirdness & Mutations

You are a hulking beast.
Your limbs bulge with bestial killing power. (Slay +4)
You have sharp claws.
You have razor-sharp teeth.
You have supernaturally acute eyesight. (SInv)
Your thick and shaggy fur keeps you warm. (AC +3, rC+)
Your paws help you pounce on unaware monsters.
You are incapable of wielding weapons or throwing items.
You cannot wear armour.
You gain extra lives every three experience levels.


Message History

A four-headed hydra comes into view.
The four-headed hydra roars!
Casting: Summon Forest (quite dangerous; 1% risk of failure)
Confirm with . or Enter, or press ? or * to list all spells.
A fiery spirit appears, bound in slag iron.
You swap places.
The four-headed hydra barely misses your blazeheart golem.
The four-headed hydra bites your blazeheart golem.
The four-headed hydra bites your blazeheart golem but does no damage.
The four-headed hydra bites your blazeheart golem!
Your blazeheart golem punches the four-headed hydra!
The four-headed hydra bites your blazeheart golem! x2
The four-headed hydra bites your blazeheart golem.
The four-headed hydra bites your blazeheart golem!
Your blazeheart golem falls apart, revealing its core!
Your blazeheart core explodes!
The fiery explosion engulfs the four-headed hydra!
The four-headed hydra is engulfed in blazing flames.
The four-headed hydra is engulfed in blazing flames.
The four-headed hydra is engulfed in blazing flames.
Something unseen opens the door.
A centaur warrior comes into view.
You barely miss the four-headed hydra. You claw the four-headed hydra.
Your bite misses the four-headed hydra.
The four-headed hydra is almost dead.
You hear a distant slurping noise.
The four-headed hydra closely misses you.
The four-headed hydra bites you! The four-headed hydra misses you.
The four-headed hydra bites you.
The centaur warrior wields a +0 orcbow.
The centaur warrior shoots an arrow.
The arrow completely misses you.
Unknown command.
Casting: Summon Blazeheart Golem (dangerous; 1% risk of failure)
Confirm with . or Enter, or press ? or * to list all spells.
A fiery spirit appears, bound in slag iron.
The centaur warrior shoots an arrow.
The arrow hits you!!
Ouch! That really hurt!
* * * LOW HITPOINT WARNING * * *
The four-headed hydra completely misses you.
The four-headed hydra bites you!
You die...

###############
#.............#
###.............#
###########...............#
..........#9#.............'
.........Dh.#.............#
..........###.............#
..........# #.............#
..........# #...........^.#
..........# #.............#
###c###+### #.............#
##########'#### ###
#......# +.# ###'#######


You could see a four-headed hydra (ally target), a centaur warrior and a
friendly blazeheart golem (summoned).

Vanquished Creatures
  6 hydras
  A boulder beetle (D:12)
  5 two-headed ogres
  A deep troll shaman (Lair:5)
  A tengu warrior (D:13)
  6 death yaks (Lair:5)
  2 skeletal warriors (D:12)
  An orc knight (Orc:1)
  3 manticores
  2 cyclopes
  Maurice (D:12)
  A kobold blastminer (Orc:2)
  4 elephants
  A black mamba (Lair:1)
  6 cane toads
  A rime drake (Lair:4)
  5 komodo dragons
  2 polar bears (Lair:5)
  A troll (D:11)
  A hornet (D:7)
  Prince Ribbit (D:4)
  A blink frog (Lair:2)
  2 slime creatures
  A vampire (D:10)
  A fire bat (Lair:1)
  10 yaks
  6 vampire mosquitoes
  A warg (Orc:1)
  A swamp worm (Lair:3)
  2 water moccasins
  6 orc warriors (Orc:2)
  3 ogres
  7 centaurs
  13 wolves
  A phantom (D:5)
  4 bullfrogs
  A troll zombie (D:11)
  2 killer bees (D:11)
  2 electric eels
  3 jellies (Lair:4)
  3 orc priests
  An orc wizard (Orc:2)
  3 hell rats (Lair:1)
  2 adders
  A dart slug (D:1)
  14 orcs
  4 ball pythons
  5 bats
  2 endoplasms (Lair:4)
  4 giant cockroaches
  2 goblins (D:4)
  3 hobgoblins
  A jackal (D:1)
  5 frilled lizards
  A gnoll skeleton (D:11)
  A kobold (D:9)
  An orc zombie (D:11)
  3 rats
  A snaplasher vine (Lair:5)
176 creatures vanquished.

Vanquished Creatures (collateral kills)
  Snorg (Orc:1)
  Erolcha (D:12)
  A hydra (Lair:4)
  A catoblepas (Lair:5)
  A two-headed ogre (D:12)
  2 boulder beetles (D:12)
  2 death yaks (Lair:5)
  Sonja (Orc:2)
  2 skysharks
  2 skeletal warriors (D:12)
  An orc knight (Orc:1)
  A wolf spider (D:12)
  2 cyclopes
  14 elephants
  3 black mambas
  4 kobold blastminers (Orc:2)
  12 cane toads
  5 unseen horrors
  7 komodo dragons
  Jeremiah (D:6)
  A kobold demonologist (D:12)
  A rime drake (Lair:4)
  Psyche (D:11)
  A tengu conjurer (D:13)
  2 trolls (D:12)
  Grinder (D:5)
  2 polar bears (Lair:5)
  6 blink frogs
  9 slime creatures
  5 shadows
  3 wyverns
  A fire elemental (Lair:1)
  A wraith (D:11)
  2 fire bats (Lair:1)
  42 yaks
  A warg (Orc:2)
  Grum (D:9)
  A basilisk (Lair:3)
  2 vampire mosquitoes (D:12)
  Menkaure (D:4)
  A steam dragon (Lair:3)
  4 nagas (Lair:2)
  A swamp worm (Lair:3)
  6 water moccasins
  An acid dragon (D:9)
  Duvessa (D:5)
  An ice beast (D:5)
  2 sky beasts
  5 black bears
  20 orc warriors
  2 ogres (Orc:1)
  5 centaurs
  24 wolves
  2 phantoms (D:11)
  Blork the orc (D:5)
  3 kobold brigands
  12 bullfrogs
  A gnoll sergeant (D:12)
  3 scorpions
  Dowan (D:5)
  A troll zombie (D:11)
  A tengu zombie (D:13)
  2 killer bees (D:11)
  An electric eel (Lair:5)
  7 howler monkeys
  8 orc priests
  4 hounds
  2 jellies
  4 bombardier beetles
  A gnoll bouda (D:6)
  3 sleepcaps
  4 iguanas
  14 orc wizards
  2 hell rats (Lair:1)
  6 ogre zombies (D:11)
  7 gnolls
  2 adders
  A white imp (D:5)
  3 dart slugs
  2 ribbon worms
  51 orcs
  A bat (D:1)
  6 endoplasms
  2 giant cockroaches
  2 goblins (D:1)
  5 hobgoblins
  7 jackals (D:1)
  4 quokkas
  A ball python (D:1)
  A gnoll skeleton (D:11)
  3 gnoll zombies (D:11)
  8 kobolds
  2 orc skeletons (D:11)
  17 orc zombies (D:11)
  A rat (D:1)
430 creatures vanquished.

Vanquished Creatures (others)
  A jelly (D:13)
  89 blazeheart cores
  6 snaplasher vines
96 creatures vanquished.

Grand Total: 702 creatures vanquished

Notes
Turn   | Place    | Note
-------+----------+-------------------------------------------
     0 | D:1      | Aldia the Felid Summoner began the quest for the Orb.
     0 | D:1      | Reached XP level 1. HP: 9/9 MP: 4/4
   141 | D:1      | Reached XP level 2. HP: 13/13 MP: 3/6
   144 | D:1      | Learned a level 2 spell: Call Imp
   407 | D:1      | You fall into a shaft and drop 1 floor!
   513 | D:1      | Reached XP level 3. HP: 16/16 MP: 2/8
   539 | D:1      | Learned a level 3 spell: Call Canine Familiar
  1597 | D:2      | Reached XP level 4. HP: 21/21 MP: 9/9
  1597 | D:2      | Gained a life (2 lives remaining)
  1870 | D:2      | Found a shimmering blue altar of Sif Muna.
  2209 | D:3      | Found an iron altar of Okawaru.
  2213 | D:3      | Found a sparkling altar of Nemelex Xobeh.
  2217 | D:3      | Found a stormy altar of Qazlal.
  2220 | D:3      | Found a glowing silver altar of Zin.
  2224 | D:3      | Found a broken altar of Ashenzari.
  2228 | D:3      | Found a bloodstained altar of Trog.
  2257 | D:3      | Reached skill level 5 in Summonings
  2755 | D:4      | Found a staircase to the Ecumenical Temple.
  2763 | Temple   | Entered the Ecumenical Temple
  2769 | Temple   | Became a worshipper of Kikubaaqudgha
  2782 | D:4      | Learned a level 4 spell: Summon Blazeheart Golem
  2794 | D:4      | Noticed Menkaure
  2806 | D:4      | Killed Menkaure
  2807 | D:4      | Reached skill level 1 in Fire Magic
  2807 | D:4      | Reached XP level 5. HP: 9/24 MP: 0/12
  2821 | D:4      | Gained mutation: You are covered in thick fur. (AC +2)
                  | [Felid growth]
  2821 | D:4      | Reached XP level 6. HP: 15/28 MP: 2/13
  3002 | D:3      | Killed from afar by an orc wizard
  3002 | D:3      | Lost a life (1 life remaining)
  3396 | D:4      | Noticed a sky beast
  3496 | D:4      | Learned a level 4 spell: Summon Lightning Spire
  3573 | D:5      | Entered Level 5 of the Dungeon
  3573 | D:5      | Noticed Duvessa
  3573 | D:5      | Noticed Dowan
  3730 | D:5      | Noticed Prince Ribbit
  3737 | D:4      | HP: 1/28 [black bear (7)]
  3738 | D:4      | Slain by a black bear
  3738 | D:4      | Lost a life (0 lives remaining)
  3739 | D:4      | Reached XP level 7. HP: 32/32 MP: 13/15
  3739 | D:4      | Gained a life (1 life remaining)
  3826 | D:4      | Killed Prince Ribbit
  3827 | D:4      | Reached skill level 1 in Fighting
  3827 | D:4      | Reached skill level 5 in Spellcasting
  3827 | D:4      | Reached skill level 1 in Air Magic
  3918 | D:5      | Reached * piety under Kikubaaqudgha
  3918 | D:5      | Received a gift from Kikubaaqudgha
  4011 | D:5      | Noticed Grinder
  4015 | D:5      | Noticed Blork the orc
  4023 | D:5      | Killed Grinder
  4024 | D:5      | Reached XP level 8. HP: 32/39 MP: 6/17
  4026 | D:5      | Killed Blork the orc
  4136 | D:5      | Found Uthroj's Assorted Antiques.
  4155 | D:5      | Bought a scroll of identify for 50 gold pieces
  4155 | D:5      | Bought a scroll labelled ASCHY KUUB QESI for 25 gold pieces
  4155 | D:5      | Bought a scroll labelled FECETI PUNUCUFIT for 25 gold
                  | pieces
  4395 | D:5      | Killed Dowan
  4407 | D:5      | Killed Duvessa
  4587 | D:5      | Found a runed translucent door.
  4588 | D:5      | Noticed Crazy Yiuf
  5172 | D:6      | Reached XP level 9. HP: 42/42 MP: 8/19
  5413 | D:6      | Reached skill level 5 in Dodging
  5881 | D:6      | Noticed Jeremiah
  5900 | D:6      | Killed Jeremiah
  5901 | D:6      | Reached skill level 5 in Fire Magic
  5914 | D:6      | Learned a level 5 spell: Summon Mana Viper
  6532 | D:7      | Reached ** piety under Kikubaaqudgha
  7165 | D:8      | Found a shimmering blue altar of Sif Muna.
  8043 | D:9      | Found a sacrificial altar of Ru.
  8314 | D:9      | Reached skill level 1 in Hexes
  8314 | D:9      | Reached XP level 10. HP: 34/49 MP: 10/21
  8314 | D:9      | Gained a life (2 lives remaining)
  8411 | D:9      | Found Ustagocuics's Magic Scroll Boutique.
  8419 | D:9      | Bought a scroll of blinking for 112 gold pieces
  8419 | D:9      | Bought a scroll of identify for 30 gold pieces
  8419 | D:9      | Bought a scroll of teleportation for 45 gold pieces
  8419 | D:9      | Bought a scroll of teleportation for 45 gold pieces
  8420 | D:9      | Bought a scroll of identify for 30 gold pieces
  8420 | D:9      | Bought a scroll of identify for 30 gold pieces
  8425 | D:9      | Bought a scroll of identify for 30 gold pieces
  8544 | D:9      | Found a hide-covered altar of Uskayaw.
  8762 | D:9      | Reached skill level 5 in Air Magic
  9053 | D:9      | Noticed Grum
  9058 | D:9      | Slain by Grum
  9058 | D:9      | Lost a life (1 life remaining)
  9110 | D:9      | Reached skill level 1 in Evocations
  9217 | D:9      | Killed Grum
  9223 | D:9      | Engulfed by a cloud of flame
  9223 | D:9      | Lost a life (0 lives remaining)
  9537 | D:10     | Entered Level 10 of the Dungeon
  9549 | D:10     | Reached *** piety under Kikubaaqudgha
  9549 | D:10     | Received a gift from Kikubaaqudgha
  9739 | D:10     | Found a burning altar of Makhleb.
  9786 | D:10     | Identified the +0 helmet of Pragmatism {rF+ Int+3}
  9870 | D:10     | Reached skill level 5 in Hexes
  9903 | D:10     | Learned a level 4 spell: Martyr's Knell
  9938 | D:10     | Reached skill level 5 in Fighting
  9941 | D:10     | Reached skill level 1 in Necromancy
 10191 | D:10     | Reached XP level 11. HP: 35/55 MP: 15/24
 10201 | D:10     | Learned a level 5 spell: Borgnjor's Vile Clutch
 10355 | D:10     | Found a staircase to the Lair.
 10425 | D:11     | Found a staircase to the Orcish Mines.
 10491 | D:11     | Reached **** piety under Kikubaaqudgha
 10776 | D:11     | Reached skill level 1 in Shapeshifting
 10800 | D:11     | Noticed a two-headed ogre
 10873 | Lair:1   | Entered Level 1 of the Lair of Beasts
 10911 | Lair:1   | Reached skill level 1 in Earth Magic
 11057 | Lair:1   | Reached skill level 2 in Shapeshifting
 11669 | Lair:1   | Reached skill level 3 in Shapeshifting
 11873 | Lair:1   | Found a radiant altar of Vehumet.
 12645 | Lair:2   | Reached skill level 4 in Shapeshifting
 13120 | Lair:2   | Reached ***** piety under Kikubaaqudgha
 13326 | Lair:2   | Found a staircase to the Snake Pit.
 13405 | Lair:2   | Gained mutation: Your thick and shaggy fur keeps you warm.
                  | (AC +3, rC+) [Felid growth]
 13405 | Lair:2   | Reached XP level 12. HP: 27/60 MP: 6/25
 13413 | Lair:2   | Reached skill level 10 in Dodging
 13635 | Lair:2   | You fall into a shaft and drop 2 floors!
 14067 | Lair:2   | Noticed a five-headed hydra
 14076 | Lair:2   | Killed a five-headed hydra
 14077 | Lair:2   | Reached skill level 5 in Shapeshifting
 15006 | Lair:3   | Found a staircase to the Swamp.
 15097 | Lair:3   | Reached skill level 5 in Necromancy
 15103 | Lair:3   | Reached skill level 6 in Shapeshifting
 15467 | Lair:3   | HP: 3/62 [poisoned by a black mamba]
 15670 | Lair:3   | Learned a level 5 spell: Summon Forest
 16177 | Lair:4   | Found a staircase to the Slime Pits.
 16242 | Lair:4   | Reached skill level 7 in Shapeshifting
 16307 | Lair:4   | Found a viscous altar of Jiyva.
 16572 | Lair:4   | Noticed a seven-headed hydra
 16851 | Lair:4   | Reached skill level 1 in Translocations
 17083 | Lair:4   | Noticed a four-headed hydra
 17091 | Lair:4   | Killed a four-headed hydra
 17092 | Lair:4   | Reached XP level 13. HP: 67/67 MP: 23/27
 17092 | Lair:4   | Gained a life (1 life remaining)
 17434 | Lair:4   | Reached skill level 10 in Spellcasting
 17819 | Lair:5   | Entered Level 5 of the Lair of Beasts
 18255 | Lair:5   | Reached skill level 8 in Shapeshifting
 18289 | Lair:5   | Reached skill level 5 in Earth Magic
 18443 | Lair:5   | Reached skill level 5 in Translocations
 19310 | Lair:5   | Reached skill level 9 in Shapeshifting
 19900 | Lair:5   | Found a blossoming altar of Fedhas.
 20304 | Lair:5   | Reached skill level 10 in Summonings
 20313 | Lair:5   | Reached XP level 14. HP: 44/74 MP: 22/29
 21490 | D:11     | Found a hide-covered altar of Uskayaw.
 21539 | D:11     | Noticed Psyche
 21563 | D:11     | Killed Psyche
 21808 | D:12     | Noticed Maurice
 22101 | D:12     | Noticed Erolcha
 22115 | D:12     | Killed Erolcha
 22126 | D:12     | Maurice stole a granite talisman
 22127 | D:12     | Killed Maurice
 22128 | D:12     | Reached skill level 10 in Shapeshifting
 22525 | D:12     | Noticed Azoth's ghost (journeyman DrSh)
 22558 | D:12     | Found a runed translucent gate.
 22558 | D:12     | Found a runed translucent gate.
 22558 | D:12     | Found a runed translucent gate.
 22589 | D:12     | Demolished by a skeletal warrior
 22589 | D:12     | Lost a life (0 lives remaining)
 24196 | Orc:1    | Entered Level 1 of the Orcish Mines
 24196 | Orc:1    | Found a radiant altar of Vehumet.
 24204 | Orc:1    | Reached ****** piety under Kikubaaqudgha
 24556 | Orc:2    | Entered Level 2 of the Orcish Mines
 24556 | Orc:2    | Noticed Sonja
 24649 | Orc:2    | Reached skill level 5 in Evocations
 24914 | Orc:1    | Noticed Snorg
 24930 | Orc:1    | Killed Snorg
 25333 | Orc:2    | Killed Sonja
 25427 | Orc:2    | Found a staircase to the Elven Halls.
 25454 | Orc:2    | Reached skill level 11 in Shapeshifting
 27389 | Orc:2    | Found Yseudos's Antique Armour Boutique.
 27389 | Orc:2    | Found Xiurchuh's Weapon Shoppe.
 27391 | Orc:2    | Found Nour's Assorted Antiques.
 27393 | Orc:2    | Found Zihoa's Book Shop.
 27399 | Orc:2    | Bought a book of Hexes for 468 gold pieces
 27404 | Orc:2    | Bought a scroll labelled JEVOSU MULE for 35 gold pieces
 27587 | D:13     | Reached skill level 10 in Fighting
 27611 | D:13     | Received a gift from Kikubaaqudgha (forbidden knowledge)
 27766 | Lair:4   | Fell from the grace of Kikubaaqudgha
 27766 | Lair:4   | Became a worshipper of Jiyva Jafuogro the Shapeless
 27769 | Slime:1  | Entered Level 1 of the Pits of Slime
 27769 | Slime:1  | Noticed an azure jelly
 27776 | Slime:1  | Noticed a quicksilver ooze
 27911 | Slime:1  | Noticed an acid blob
 27927 | Slime:1  | Noticed an acid blob
 27930 | Slime:1  | Noticed an azure jelly
 27996 | Slime:2  | Noticed a quicksilver ooze
 28004 | Slime:2  | Noticed a rockslime
 28011 | Slime:2  | Noticed an acid blob
 28015 | Slime:2  | Noticed an acid blob
 28085 | Slime:2  | Noticed a rockslime
 28086 | Slime:2  | Noticed an acid blob
 28182 | Slime:2  | Noticed a rockslime
 28377 | Slime:1  | Noticed a quicksilver ooze
 28377 | Slime:1  | Noticed a formless jellyfish
 28378 | Slime:1  | Noticed a formless jellyfish
 28404 | Slime:1  | Noticed an acid blob
 28639 | D:12     | Reached XP level 15. HP: 30/80 MP: 26/30
 28886 | D:13     | Learned a level 4 spell: Anguish
 29226 | D:13     | Mangled by a four-headed hydra

Illustrated notes

Levels and vault maps discovered:
D:1:      dpeg_arrival_boxes_within_box, layout_loops_ring
D:2:      layout_rooms, basic_altar, serial_corexii_hall,
          chequers_hall_statues_corner_a, corexii_hall_statues_l,
          corexii_hall_statues_x, corexii_hall_statues_x,
          corexii_hall_statues_x, corexii_hall_statues_i, grunt_ministairs_6
D:3:      layout_rooms, nicolae_overflow_hallway_of_the_gods,
          supply_closet_lemuel
D:4:      layout_rooms, minmay_temple_entry_statues, lightli_corner_chamber,
          uniq_menkaure
D:5:      layout_basic, serial_shops, nicolae_shop_dealshenge,
          kennysheep_flooded_box, uniq_blork_the_orc, uniq_prince_ribbit1,
          uniq_grinder, uniq_crazy_yiuf_cottage, uniq_duvessa
D:6:      layout_basic, uniq_jeremiah
D:7:      layout_rooms, minmay_diced_spiral
D:8:      layout_loops_ring, amcnicky_altar_gilded
D:9:      layout_loops_corners, old_standard_altar, marbit_many_paths,
          serial_shops, nicolae_shop_pleasant_corner_grove, item_on_display_a,
          uniq_grum
D:10:     layout_rooms, mainiacjoe_overflow_small_starburst, david_lair_shrubbed
D:11:     layout_roguey, zombieorc2_lemuel, chequers_garden,
          hangedman_decor_lopped, nicolae_uskayaw_murder_on_the_dancefloor,
          uniq_psyche
D:12:     layout_stronghold, maelrawn_ghost_gauntlet_escape,
          ebering_dispersal_statue_hall, onia_ninara_dug_in_and_dangerous,
          uniq_erolcha, uniq_maurice
D:13:     layout_roguey, kennysheep_generic_room_13
Temple:   nicolae_temple_bog_church
Lair:1:   layout_gridlike, basic_altar, chequers_serial_rivers_micro_d
Lair:2:   layout_small_grid, minmay_snake_entry_guardpost_small,
          serial_bayou_shore_b
Lair:3:   layout_roguey, nicolae_swamp_entry_splash_gauntlet
Lair:4:   layout_layer_cave, nicolae_slime_entry_slimehenge
Lair:5:   grunt_lair_end_beastmaster, layout_gridlike, serial_bayou_pond_c,
          tgw_fedhas, serial_bayou_shore_a
Slime:1:  layout_caves
Slime:2:  layout_caves, nicolae_slime_round_cave
Orc:1:    layout_caves, basic_altar, uniq_snorg
Orc:2:    st_orc_rangers, layout_diamond_mine, mines2_lemuel, uniq_sonja

Skill      XL: |  1  2  3  4  5  6  7  8  9 10 11 12 13 14 15 |
---------------+----------------------------------------------+-----
Spellcasting   | 3 4 5 6 7 8 9 10 | 10.4
Summonings     | 5 6 7 8 9 10 | 10.0
Fire Magic     | 1 2 3 4 5 |  5.0
Fighting       | 2 4 5 7 8 10 | 10.0
Air Magic      | 1 3 4 5 |  5.0
Dodging        | 4 6 8 9 10 | 10.1
Hexes          | 1 5 |  5.0
Evocations     | 1 5 |  5.0
Necromancy     | 1 4 6 7 8 9 |  9.0
Shapeshifting  | 4 7 9 11 | 11.3
Earth Magic    | 3 4 5 |  5.0
Translocations | 1 5 |  5.0
Stealth        | |  2.6

Action                     |  1- 3 |  4- 6 |  7- 9 | 10-12 | 13-15 || total
---------------------------+-------+-------+-------+-------+-------++-------
  Melee: Unarmed           |    78 |    98 |    59 |   140 |   164 ||   539
         Bite              |     4 |    10 |    12 |    21 |    30 ||    77
         Punch             |       |     2 |     2 |     2 |     1 ||     7
   Cast: Summon Small Mamm |    22 |     5 |     1 |       |       ||    28
         Call Imp          |    10 |    10 |    18 |     6 |       ||    44
         Call Canine Famil |     2 |    14 |    29 |    57 |    34 ||   136
         Summon Blazeheart |       |     2 |    21 |    44 |    77 ||   144
         Summon Lightning  |       |       |     8 |    25 |    24 ||    57
         Summon Mana Viper |       |       |       |    35 |    43 ||    78
         Martyr's Knell    |       |       |       |    18 |     5 ||    23
         Summon Forest     |       |       |       |       |    38 ||    38
         Borgnjor's Vile C |       |       |       |       |     8 ||     8
 Invoke: Receive Forbidden |       |       |       |       |     1 ||     1
  Evoke: Wand              |       |       |       |     4 |    21 ||    25
    Use: Scroll            |       |     5 |    12 |     9 |     8 ||    34
         Potion            |       |     1 |     1 |     2 |     2 ||     6
   Stab: Sleeping          |     3 |     3 |     2 |     3 |     1 ||    12
         Distracted        |       |       |     4 |     1 |     4 ||     9
 Armour: Skin              |    31 |    48 |    44 |   101 |   192 ||   416
  Dodge: Dodged            |    84 |   120 |   105 |   256 |   461 ||  1026
   Form: Beast             |       |       |       |     1 |       ||     1

Table legend: (Time is in decaauts)
 A = Elapsed time spent in this place.
 B = Non-inter-level travel time spent in this place.
 C = Inter-level travel time spent in this place.
 D = Time resting spent in this place.
 E = Time spent auto-exploring this place.
 F = Levels seen in this place.
 G = Mean time per level.
                   A        B        C        D        E       F      G
               +--------+--------+--------+--------+--------+-----+--------+
         Total |  29284 |  27579 |   1705 |   2569 |  18923 |  23 | 1273.2 |
       Dungeon |  14947 |  14006 |    941 |    824 |   9799 |  13 | 1149.8 |
        Temple |     12 |      7 |      5 |      0 |      0 |   1 |   12.0 |
          Lair |  10302 |   9790 |    512 |   1054 |   6806 |   5 | 2060.4 |
    Slime Pits |    755 |    680 |     75 |      0 |    654 |   2 |  377.5 |
  Orcish Mines |   3266 |   3095 |    171 |    691 |   1664 |   2 | 1633.0 |
               +--------+--------+--------+--------+--------+-----+--------+

Top non-repeatable levels by time:
  Lair:5: 2989 daAuts
    D:12: 2322 daAuts
   Orc:2: 2200 daAuts
  Lair:3: 2132 daAuts
  Lair:2: 1878 daAuts
  Lair:4: 1781 daAuts
     D:9: 1611 daAuts
  Lair:1: 1520 daAuts
    D:11: 1363 daAuts
     D:1: 1279 daAuts
     D:6: 1244 daAuts
    D:10: 1242 daAuts
     D:5: 1075 daAuts
   Orc:1: 1065 daAuts
     D:4: 962 daAuts
